 Dungeon Crawl Stone Soup version 0.28-a0-511-gcc94558de3 (webtiles) character file.

Game seed: 16155481580829202442

2880 robertstho the Thaumaturge (level 10, -1/69 HPs)
             Began as a Djinni Fire Elementalist on Sept 21, 2021.
             Was an Initiate of Gozag.
             Slain by a slime creature (4 damage)
             ... on level 7 of the Dungeon.
             The game lasted 00:15:04 (9469 turns).

robertstho the Thaumaturge (DjFE)                   Turns: 9469, Time: 00:15:04

Health: -1/69      AC:  4    Str:  7    XL:     10   Next: 5%
Gold:   972        EV: 13    Int: 25    God:    Gozag SH:  9 Dex: 15

rFire   + + .      SeeInvis +   s - +2 trident (venom)
rCold   x x .      Faith    .   l - +0 buckler
rNeg    . . .      Spirit   .   a - +0 robe
rPois   ∞          Reflect  +   t - +0 helmet
rElec   +          Harm     .   E - +0 cloak of Teyny {rElec rC- SInv}
rCorr   .          Rampage  .   (no gloves)
Will    +....                   (boots unavailable)
Stlth   ++........              v - amulet of reflection
HPRegen 0.21/turn               j - +6 ring of intelligence
MPRegen 0.00/turn               (no ring)

@: flying
A: sickness immunity, fire resistance 2, cold vulnerability 1, float, innate
caster, hp casting, extra vitality 1
a: Renounce Religion, Potion Petition, Call Merchant, Bribe Branch


You were on level 7 of the Dungeon.
You worshipped Gozag.
Gozag was pleased with you.
You visited 2 branches of the dungeon, and saw 8 of its levels.
You also visited: Sewer.

You collected 1356 gold pieces.
You spent 332 gold pieces at shops.
You paid 52 gold pieces to Gozag.

Inventory:

Hand Weapons
 s - a +2 trident of venom (weapon)
 w - a +2 short sword of protection
Armour
 a - a +0 robe (worn)
 l - a +0 buckler (worn)
 t - a +0 helmet (worn)
 y - a scarf of resistance
 E - the +0 cloak of Teyny (worn) {rElec rC- SInv}
   (You bought it in a shop on level 2 of the Dungeon)

   rC:        It makes you vulnerable to cold.
   rElec:     It insulates you from electricity.
   SInv:      It lets you see invisible.
Jewellery
 j - a +6 ring of intelligence (left hand)
 p - an amulet of regeneration
 v - an amulet of reflection (around neck)
 G - a ring of positive energy
Wands
 x - a wand of digging (3)
 A - a wand of iceblast (18)
 C - a wand of polymorph (9)
 H - a wand of mindburst (19)
 I - a wand of acid (5)
Scrolls
 b - a scroll of teleportation
 c - 3 scrolls of fear {unknown}
 d - 2 scrolls of enchant weapon
 f - a scroll of immolation
 i - a scroll of identify
 n - 2 scrolls of vulnerability
 z - a scroll of fog
 F - a scroll of torment {unknown}
Potions
 e - 3 potions of brilliance
 g - 2 potions of attraction {unknown}
 h - a potion of berserk rage {unknown}
 k - a potion of degeneration {unknown}
 m - 2 potions of mutation {unknown}
 o - 2 potions of flight {unknown}
 q - a potion of curing {unknown}
 r - 2 potions of haste {unknown}
 u - a potion of heal wounds {unknown}
 B - a potion of might {unknown}
 D - a potion of experience {unknown}


   Skills:
 * Level 4.8 Fighting
 + Level 2.4 Polearms
 + Level 3.9 Dodging
 + Level 3.2 Stealth
 + Level 2.1 Shields
 * Level 8.5 Spellcasting


You had 3 spell levels left.
You knew the following spells:

 Your Spells              Type           Power      Damage    Failure   Level
a - Foxfire               Conj/Fire      100%       2x1d9     1%          1
b - Scorch                Fire           100%       2d10      1%          2
c - Conjure Flame         Conj/Fire      52%        6-21      1%          3
d - Inner Flame           Hex/Fire       52%        N/A       1%          3
e - Flame Wave            Conj/Fire      52%        3d10      2%          4
f - Pain                  Necr           100%       1d9       1%          1
g - Wereblood             Tmut           52%        N/A       1%          2
h - Tukima's Dance        Hex            52%        N/A       1%          3
i - Leda's Liquefaction   Hex/Erth       26%        N/A       2%          4
Your spell library was empty.

Dungeon Overview and Level Annotations

Branches:
Dungeon (7/15)             Temple (1/1) D:4           Sewer (visited)

Altars:
Ashenzari
Dithmenos
Fedhas
Gozag
Makhleb
Nemelex Xobeh
Ru
Sif Muna
Trog
Uskayaw
Vehumet
Xom
Yredelemnul
The Shining One

Shops:
D:2 [   D:5 *

Annotations:
D:2 Good shop
D:4 2 transporters
D:6 3 runed translucent doors, mdk's ghost, novice DECj
D:7 1 runed translucent door, Crazy Yiuf


Innate Abilities, Weirdness & Mutations

You are immune to sickness and miasma.
You are immune to poison.
Your flesh is very heat resistant. (rF++)
You are vulnerable to cold. (rC-)
You float through the air rather than walking.
You learn spells naturally, not from books.
Your magical power is your life essence.
You have superior vitality. (+4 HP)


Message History

The slime creature quivers.
You hit the slime creature.
The slime creature is lightly wounded.
You puncture the slime creature!
The slime creature is moderately wounded.
The slime creature hits you!
You hit the slime creature.
The slime creature is poisoned.
The slime creature is moderately wounded.
The slime creature hits you!! The slime creature hits you.
You puncture the slime creature!
The slime creature is moderately wounded.
You block the slime creature's attack.
Casting: Scorch (safe; 1% risk of failure)
Confirm with . or Enter, or press ? or * to list all spells.
Casting: Flame Wave (dangerous; 2% risk of failure)
Press: ? - help, Dir - look around, f - activate A wave of flame ripples out!
The flame wave engulfs the slime creature.
The slime creature is heavily wounded. (Press . to intensify the flame waves.)
The slime creature hits you!
A wave of flame ripples out!
The flame wave engulfs the slime creature!
The slime creature is severely wounded.
The slime creature hits you!
* * * LOW HITPOINT WARNING * * *
A wave of flame ripples out!
The flame wave engulfs the slime creature!
The slime creature is almost dead.
* * * LOW HITPOINT WARNING * * *
You finish channelling waves of flame.
You block the slime creature's attack.
Casting: Flame Wave (dangerous; 2% risk of failure)
Confirm with . or Enter, or press ? or * to list all spells.
Flames lash the slime creature.
The slime creature is almost dead.
The slime creature's fire resistance burns away.
* * * LOW HITPOINT WARNING * * *
The slime creature hits you.
You die...
Your body crumbles into a pile of gold.

### #.# ..### #.#
#...### #>....####
....#....### #
....####...### .#
....# #.....### #.#
....####.......###..#
......##........@J..#
...##............####
..######.........#
...# #.........# ...♣
#.........# ..♣♣
#.....(...# .♣♣
#.>.......# ♣♣
#.........# .♣
##.......##


You could see a slime creature (poisoned, combustible).

Vanquished Creatures
  A gargoyle (D:7)
  A water moccasin (D:6)
  An ice beast (D:7)
  A hornet zombie (D:7)
  3 ogres
  A black bear (D:5)
  Purgy (Sewer)
  3 bullfrogs
  2 scorpions
  A wyvern skeleton (D:7)
  7 wights (D:7)
  A gnoll shaman (D:6)
  5 orc priests
  6 hounds
  2 jellies (D:6)
  A centaur skeleton (D:6)
  2 iguanas
  4 orc wizards
  A killer bee zombie (D:7)
  14 adders
  8 gnolls
  An ufetubus (D:4)
  An adder skeleton (D:4)
  4 worms
  2 dart slugs
  11 orcs
  6 ball pythons
  9 endoplasms
  5 giant cockroaches
  10 hobgoblins
  6 jackals
  3 quokkas
  8 bats
  7 frilled lizards
  8 goblins
  13 kobolds
  3 rats
163 creatures vanquished.

Vanquished Creatures (collateral kills)
  Maggie (D:7)
1 creature vanquished.

Vanquished Creatures (others)
  382 foxfires
382 creatures vanquished.

Grand Total: 546 creatures vanquished

Notes
Turn   | Place    | Note
-------+----------+-------------------------------------------
     0 | D:1      | robertstho the Djinni Fire Elementalist began the quest for
                  | the Orb.
     0 | D:1      | Reached XP level 1. HP: 15/15 MP: 0/0
   302 | D:1      | Reached XP level 2. HP: 11/21 MP: 0/0
   862 | D:1      | Reached skill level 3 in Spellcasting
   916 | D:1      | Found a faded altar of an unknown god.
   977 | D:1      | Reached XP level 3. HP: 4/25 MP: 0/0
   977 | D:1      | Learned a level 1 spell: Pain
  2348 | D:2      | Reached XP level 4. HP: 24/31 MP: 0/0
  2761 | D:2      | Found Irithiso's Antique Armour Emporium.
  3011 | D:2      | Reached skill level 1 in Fighting
  3238 | D:2      | Reached XP level 5. HP: 28/37 MP: 0/0
  3238 | D:2      | Learned a level 2 spell: Wereblood
  3692 | D:3      | Reached skill level 4 in Spellcasting
  4098 | D:3      | Found a broken altar of Ashenzari.
  4597 | D:3      | Found a sacrificial altar of Ru.
  4743 | D:3      | Reached XP level 6. HP: 20/42 MP: 0/0
  5303 | D:4      | Found a staircase to the Ecumenical Temple.
  5311 | D:4      | Reached skill level 5 in Spellcasting
  5442 | D:4      | Found a transporter.
  5533 | D:4      | Reached XP level 7. HP: 47/49 MP: 0/0
  5533 | D:4      | Learned a level 3 spell: Tukima's Dance
  5693 | D:4      | Found a transporter.
  6005 | Temple   | Entered the Ecumenical Temple
  6036 | Temple   | Became a worshipper of Gozag Ym Sagoz the Greedy
  6060 | D:5      | Entered Level 5 of the Dungeon
  6060 | D:5      | Found Dez Qauth's Elemental Accessories.
  6099 | D:5      | Found a burning altar of Makhleb.
  6298 | D:5      | Reached skill level 6 in Spellcasting
  6298 | D:5      | Reached XP level 8. HP: 56/56 MP: 0/0
  6365 | D:2      | Bought an embroidered scarf for 152 gold pieces
  6940 | D:6      | Reached skill level 1 in Polearms
  7216 | D:6      | Found a glowing drain.
  7228 | D:6      | Reached skill level 1 in Shields
  7241 | Sewer    | Entered a sewer
  7366 | Sewer    | Noticed Purgy
  7374 | Sewer    | Killed Purgy
  7375 | Sewer    | Reached skill level 7 in Spellcasting
  7502 | D:6      | Reached XP level 9. HP: 39/62 MP: 0/0
  7502 | D:6      | Learned a level 4 spell: Leda's Liquefaction
  7688 | D:6      | Found a runed translucent gate.
  7688 | D:6      | Found a runed translucent gate.
  7689 | D:6      | Found a runed translucent gate.
  7693 | D:6      | Noticed mdk's ghost (novice DECj)
  7694 | D:6      | Identified a scroll of acquirement
  7695 | D:6      | Acquired 540 gold pieces
  7983 | D:2      | Bought a glimmering cloak for 180 gold pieces
  7983 | D:2      | Identified the +0 cloak of Teyny {rElec rC- SInv} (You
                  | bought it in a shop on level 2 of the Dungeon)
  8543 | D:7      | Noticed a gargoyle
  8550 | D:7      | Killed a gargoyle
  8551 | D:7      | Reached skill level 8 in Spellcasting
  8617 | D:7      | Noticed a red ugly thing
  9050 | D:7      | Noticed Maggie
  9060 | D:7      | Killed Maggie
  9061 | D:7      | Reached XP level 10. HP: 58/69 MP: 0/0
  9428 | D:7      | Found a runed translucent door.
  9429 | D:7      | Noticed Crazy Yiuf
  9469 | D:7      | Slain by a slime creature

Illustrated notes

Levels and vault maps discovered:
D:1:      scummos_arrival_gate, layout_basic, serial_glass, glass_columns_b,
          glass_columns_b, glass_columns_a, basic_ecumenical_altar,
          minmay_cupped
D:2:      layout_loops_ring, serial_shops,
          nicolae_shop_temple_entry_statues_fountains,
          chequers_serial_rivers_small_3, corexii_leaking_fountain
D:3:      layout_loops_ring, mainiacjoe_overflow_alcove_4,
          nicolae_ru_great_annihilating_truth, chequers_arboretum, minivault_24
D:4:      gammafunk_wand_slinger, layout_loops_ring,
          lemuel_coloured_pillars_altar, vehumet_crystals,
          minmay_temple_entry_water_ring
D:5:      layout_rooms, old_standard_altar, nicolae_elemental_shop
D:6:      layout_cave_pools, cheibrodos_sewer_entry_bend,
          ebering_ghost_rock_garden
D:7:      minmay_the_grid_triangle_9x9_rhombus_thin
          [minmay_the_grid_triangle_9x9_descending_squares,
          minmay_the_grid_triangle_9x9_prize_insulated,
          minmay_the_grid_triangle_9x9_longest,
          minmay_the_grid_triangle_9x9_windchime], layout_rooms, enter_bailey_3,
          uniq_crazy_yiuf_cottage, uniq_maggie
Temple:   nicolae_temple_great_sept

Skill      XL: |  1  2  3  4  5  6  7  8  9 |
---------------+----------------------------+-----
Spellcasting   | 3 4 5 6 7 8 |  8.5
Fighting       | 1 2 3 4 |  4.8
Stealth        | 2 3 |  3.2
Polearms       | 1 2 |  2.4
Dodging        | 3 |  3.9
Shields        | 1 2 |  2.1

Action                   |  1- 3 |  4- 6 |  7- 9 | 10-12 || total
-------------------------+-------+-------+-------+-------++-------
Melee: Unarmed           |     4 |       |       |       ||     4
       Short sword       |       |    18 |     4 |       ||    22
       Trident           |       |       |    51 |    10 ||    61
 Cast: Foxfire           |   103 |    48 |    90 |       ||   241
       Scorch            |     6 |    61 |    28 |     1 ||    96
       Flame Wave        |       |       |    12 |     1 ||    13
       Tukima's Dance    |       |       |     1 |       ||     1
       Leda's Liquefacti |       |       |     1 |       ||     1
  Use: Scroll            |       |     3 |    10 |     1 ||    14
 Stab: Sleeping          |       |       |     3 |       ||     3
Armor: Robe              |     8 |    12 |    10 |     2 ||    32
Dodge: Dodged            |    16 |    35 |    50 |     2 ||   103
Block: Buckler           |       |     2 |    32 |     4 ||    38

Table legend: (Time is in decaauts)
 A = Elapsed time spent in this place.
 B = Non-inter-level travel time spent in this place.
 C = Inter-level travel time spent in this place.
 D = Time resting spent in this place.
 E = Time spent auto-exploring this place.
 F = Levels seen in this place.
 G = Mean time per level.
                   A        B        C        D        E       F      G
               +--------+--------+--------+--------+--------+-----+--------+
         Total |   9507 |   8939 |    568 |    810 |   6847 |   9 | 1056.3 |
       Dungeon |   9248 |   8692 |    556 |    810 |   6654 |   7 | 1321.1 |
        Temple |     43 |     31 |     12 |      0 |     25 |   1 |   43.0 |
         Sewer |    215 |    215 |      0 |      0 |    168 |   1 |  215.0 |
               +--------+--------+--------+--------+--------+-----+--------+

Top non-repeatable levels by time:
     D:1: 2261 daAuts
     D:2: 1736 daAuts
     D:6: 1583 daAuts
     D:3: 1396 daAuts
     D:4: 893 daAuts
     D:7: 862 daAuts
     D:5: 514 daAuts
   Sewer: 215 daAuts
  Temple: 43 daAuts
